Map: Cerulean Fall LE

Players

Taka - Winner!

  • Race: Zerg Zerg
  • League: Diamond
  • Spawn Location: 7:00

Jice

  • Race: Protoss Protoss
  • League: Diamond
  • Spawn Location: 1:00

VOD

Have the link to the VOD?

Description

Time

  • Played on: Sept. 2, 2018, 7:19 p.m.
  • Length: 16:58
Show
View Real Time Build Order
Export as new Build Order

Taka Zerg - Winner!

Build Orders: Hatch First, Roach Nydus 

Get SALT Encoding   

  12  0:02  Drone  
  13  0:13  Overlord  
  13  0:18  Drone  
  14  0:31  Drone x2  
  16  0:50  Hatchery  
  16  0:53  Drone  
  16  0:56  Drone  
  17  1:02  Drone  
  18  1:09  Extractor  
  17  1:17  Spawning Pool  
  16  1:20  Drone  
  17  1:27  Drone  
  19  2:06  Drone  
  19  2:08  Queen  
  20  2:09  Drone, Roach Warren  
  22  2:18  Hatchery  
  22  2:20  Extractor  
  20  2:25  Spine Crawler  
  19  2:33  Spine Crawler  
  18  2:41  Drone x3  
  21  2:59  Overlord  
  21  3:07  Overlord  
  21  3:17  Queen  
  23  3:20  Roach  
  23  3:21  Roach  
  23  3:26  Roach  
  29  3:56  Drone  
  29  4:00  Spine Crawler  
  29  4:04  Ravager x3  
  29  4:05  Lair  
  29  4:07  Drone x2  
  34  4:10  Drone  
  35  4:32  Drone x2  
  37  4:44  Drone  
  37  4:45  Drone  
  39  4:48  Roach x2  
  39  4:52  Overlord x2  
  43  5:01  Spine Crawler  
  43  5:02  Drone x2  
  44  5:14  Ravager x2  
  46  5:23  Drone x2  
  46  5:25  Drone  
  46  5:26  Spore Crawler  
  45  5:39  Hatchery  
  43  5:46  Nydus Network  
  41  6:01  Roach x3  
  47  6:14  Drone  
  47  6:16  Spore Crawler  
  47  6:26  Ravager  
  47  6:27  Ravager x2  
  47  6:30  Zergling x6  
  53  6:43  Roach  
  53  6:46  Zergling x6  
  58  6:53  Drone  
  59  7:02  Queen  
  59  7:07  Zergling x2  
  62  7:23  Drone x3  
  65  7:33  Zergling x2  
  63  7:45  Drone  
  63  7:46  Drone x2  
  66  8:04  Overlord x4  
  66  8:13  Spire  
  64  8:21  Nydus Canal  
  64  8:35  Roach x4  
  68  9:13  Roach x5  
  70  9:41  Drone  
  70  9:42  Drone x2  
  73  9:49  Hatchery  
  72  9:58  Mutalisk  
  72  9:59  Mutalisk x2  
  78  10:17  Roach x3  
  80  10:29  Drone  
  80  10:30  Drone x2  
  83  10:37  Mutalisk  
  85  10:43  Mutalisk  
  85  11:08  Mutalisk x3  
  90  11:19  Drone  
  90  11:20  Overlord  
  90  11:24  Overlord  
  91  11:41  Drone x5  
  96  11:52  Queen  
  98  12:04  Hatchery  
  97  12:14  Extractor  
  97  12:15  Drone x3  
  99  12:16  Extractor, Drone x3  
  96  12:53  Roach x6  
  96  12:55  Glial Reconstitution  
  108  13:04  Overlord  
  108  13:05  Overlord x4  
  108  13:25  Drone x2  
  108  13:26  Drone x5, Queen  
  103  13:43  Queen  
  103  13:45  Roach  
  103  13:46  Roach x4  
  102  13:57  Ravager x7  
  104  14:23  Roach x2  
  104  14:24  Roach x9  
  79  14:48  Ravager x4  
  79  14:59  Roach x11  
  101  15:05  Drone  
  101  15:06  Evolution Chamber  
  97  15:18  Roach  
  97  15:19  Roach x4  
  88  15:36  Drone x2  
  90  15:47  Zergling x12  
  94  16:06  Drone  
  94  16:07  Hydralisk Den  
  94  16:12  Nydus Canal  
  90  16:27  Roach x9  
  98  16:45  Ravager x7  
Show
View Real Time Build Order
Export as new Build Order

Jice Protoss 

Build Orders:  

Get SALT Encoding   

  12  0:00  Probe  
  13  0:13  Probe  
  14  0:25  Probe  
  15  0:28  Pylon  
  15  0:46  Forge  
  15  1:06  Pylon  
  15  1:25  Photon Cannon  
  15  1:27  Gateway  
  15  1:42  Probe  
  15  1:44  Assimilator  
  16  1:57  Photon Cannon  
  16  2:01  Probe  
  17  2:09  Probe  
  17  2:13  Assimilator  
  18  2:17  Probe  
  19  2:23  Cybernetics Core  
  19  2:37  Pylon  
  19  2:38  Probe  
  20  2:52  Probe, Photon Cannon  
  21  2:59  Robotics Facility  
  21  3:13  Shield Battery  
  21  3:17  Probe  
  22  3:24  Adept  
  23  3:43  Immortal  
  23  3:44  Shield Battery  
  27  4:08  Gateway  
  27  4:14  Warp Prism  
  27  4:23  Stalker  
  29  4:35  Pylon  
  31  4:45  Photon Cannon  
  31  4:54  Stalker  
  31  4:59  Warp Gate  
  33  5:06  Immortal  
  37  5:30  Stalker  
  39  5:47  Stalker  
  41  5:54  Shield Battery  
  41  6:12  Immortal  
  41  6:14  Stalker  
  47  6:28  Photon Cannon  
  47  6:52  Pylon  
  47  7:06  Pylon  
  47  7:10  Zealot  
  47  7:15  Immortal  
  53  7:22  Photon Cannon  
  53  7:45  Stalker  
  53  7:47  Stalker  
  57  8:15  Stalker  
  59  8:47  Pylon  
  57  9:28  Pylon  
  57  9:29  Pylon  
  57  9:38  Pylon  
  57  9:41  Pylon  
  57  9:47  Robotics Facility  
  57  9:49  Gateway  
  57  9:52  Gateway  
  57  9:54  Gateway  
  57  9:58  Pylon  
  53  10:39  Robotics Bay  
  53  10:44  Gateway  
  47  11:22  Stalker x3  
  49  11:33  Pylon  
  49  11:36  Photon Cannon  
  49  11:39  Shield Battery  
  49  11:47  Sentry  
  49  11:49  Stalker x3  
  56  12:12  Stalker x2  
  56  12:13  Stalker x2  
  64  12:33  Shield Battery  
  61  13:01  Stalker x4  
  67  13:30  Stalker  
  67  13:31  Shield Battery  
  56  14:41  Stalker x4  
  52  15:32  Immortal  
  56  15:43  Stalker  
Tags
 
Add a new tag
Caveats
  • Supply blocks, unpowered buildings, or Contaminate may cause inaccurate times.
  • Supply counts are checked every 10 seconds.